 Dungeon Crawl Stone Soup version 0.31-a0-1074-g0b22e4e0f1 (webtiles) character file.

Game seed: 8642192714861098273

103625 miscthings the Thaumaturge (level 16, 0/118 HPs)
             Began as a Djinni Conjurer on Dec 8, 2023.
             Was an Initiate of Gozag.
             Slain by a centaur warrior simulacrum (31 damage)
             ... on level 14 of the Dungeon.
             The game lasted 00:57:41 (18302 turns).

miscthings the Thaumaturge (Djinni Conjurer)       Turns: 18302, Time: 00:57:42

Health: 0/118      AC: 15    Str:  5    XL:     16   Next: 89%
Gold:   3199       EV: 27    Int: 33    God:    Gozag SH: 11 Dex: 21

rFire   + + +        B - +4 long sword "Stringbean" {spect, rF+ Int+3 Dex+4}
rCold   . . .        T - +0 kite shield {rC+}
rNeg    . . .        b - +3 leather armour {Will+}
rPois   ∞            s - +1 helmet {SInv}
rElec   .            W - +2 cloak {rCorr}
rCorr   +            V - +2 pair of gloves {Dex+3}
SInv    +            (boots unavailable)
Will    ++...        M - amulet of the Magpie {Harm Regen+ Int-2 Dex+3}
Stlth   ++           k - +5 ring of evasion
HPRegen 1.19/turn    R - +5 ring of evasion
MPRegen 0.00/turn

%: harm (+30% outgoing, +20% incoming), infuse magic (-1 HP)
@: flying
A: sickness immunity, fire resistance 2, cold vulnerability 1, float, innate
caster, HP casting, extra vitality 1, clever 1
a: Renounce Religion, Potion Petition, Call Merchant, Bribe Branch


You were on level 14 of the Dungeon.
You worshipped Gozag.
Gozag was most pleased with you.
You visited 4 branches of the dungeon, and saw 22 of its levels.
You also visited: Ice Cave.

You collected 7806 gold pieces.
You spent 948 gold pieces at shops.
You paid 3659 gold pieces to Gozag.

Inventory:

Hand Weapons
 B - the +4 long sword "Stringbean" (weapon) {spect, rF+ Int+3 Dex+4}
   (You found it on level 8 of the Dungeon)

   Int+3:     It affects your intelligence (+3).
   Dex+4:     It affects your dexterity (+4).
   rF+:       It protects you from fire.
 Q - a +3 great mace of draining
Missiles
 q - 6 throwing nets
Armour
 b - a +3 leather armour of willpower (worn)
 j - a +0 troll leather armour
 s - a +1 helmet of see invisible (worn)
 C - the +2 robe of Limitation {rF- rC+ Will+ MP+9}
   (You found it on level 8 of the Dungeon)

   rF-:       It makes you vulnerable to fire.
   rC+:       It protects you from cold.
   Will+:     It increases your willpower.
   MP+9:      It affects your magic capacity (+9).
 K - a +0 hat of willpower
 T - a +0 kite shield of cold resistance (worn)
 V - a +2 pair of gloves of dexterity (worn)
 W - a +2 cloak of preservation (worn)
Magical Staves
 F - a staff of air
 I - a staff of cold
Jewellery
 k - a +5 ring of evasion (left hand)
 p - a ring of wizardry
 y - a ring of positive energy
 J - a ring of resist corrosion
 M - the amulet of the Magpie (around neck) {Harm Regen+ Int-2 Dex+3}
   (You found it on level 4 of the Lair of Beasts)

   [amulet of regeneration]

   Int-2:     It affects your intelligence (-2).
   Dex+3:     It affects your dexterity (+3).
   Regen+:    It increases your rate of health regeneration.
   Harm:      It increases damage dealt and taken.
 N - a +6 ring of strength
 R - a +5 ring of evasion (right hand)
 X - an amulet of reflection
Wands
 e - a wand of iceblast (26)
 l - a wand of acid (4)
 r - a wand of paralysis (14)
 v - a wand of flame (37)
 A - a wand of polymorph (11)
 G - a wand of mindburst (6)
Scrolls
 d - 6 scrolls of blinking
 h - a scroll of amnesia {unknown}
 t - 2 scrolls of poison
 u - 8 scrolls of teleportation
 w - 3 scrolls of vulnerability
 x - a scroll of enchant armour
 E - a scroll of fear
 H - 5 scrolls of summoning
 L - 5 scrolls of revelation
 O - 2 scrolls of immolation
 P - 2 scrolls of fog {unknown}
Potions
 a - 6 potions of enlightenment
 c - 5 potions of might
 f - 6 potions of curing
 g - 3 potions of mutation
 i - 5 potions of brilliance
 m - 3 potions of attraction
 n - 2 potions of lignification
 o - a potion of ambrosia
 z - 6 potions of cancellation
 D - 3 potions of haste
 S - 2 potions of resistance
 U - a potion of heal wounds {unknown}


   Skills:
 + Level 12.1 Fighting
 - Level 2.0 Throwing
 - Level 4.0 Armour
 + Level 13.4 Dodging
 - Level 1.5 Stealth
 + Level 6.4 Shields
 + Level 14.6 Spellcasting
 + Level 14.6 Conjurations
 + Level 14.6 Hexes
   Level 0.0 Charms
 + Level 14.6 Summonings
 + Level 14.6 Necromancy
 + Level 14.6 Translocations
 + Level 14.6 Transmutations
 + Level 14.6 Fire Magic
 + Level 14.6 Ice Magic
 + Level 14.6 Air Magic
 + Level 14.6 Earth Magic
 + Level 14.6 Poison Magic
 - Level 12.0 Evocations


You knew the following spells:

 Your Spells              Type           Power      Damage    Failure   Level
a - Iskenderun's Mystic   Conj/Tloc      88%        2d17      1%          4
b - Magic Dart            Conj           100%       1d8       1%          1
c - Dazzling Flash        Conj/Hex       100%       N/A       1%          3
d - Fulminant Prism       Conj/Hex       44%        3d19      1%          4
e - Searing Ray           Conj           100%       2d8       1%          2
f - Sting                 Tmut/Pois      100%       1d8       1%          1
g - Passwall              Tmut/Erth      73%        N/A       1%          2
h - Jinxbite              Hex            100%       N/A       1%          2
i - Dispel Undead         Necr           88%        3d28      1%          4
j - Petrify               Tmut/Erth      88%        N/A       1%          4
k - Silence               Hex/Air        44%        N/A       1%          5
l - Death Channel         Necr           44%        N/A       8%          6
Your spell library was empty.

Dungeon Overview and Level Annotations

Branches:
Dungeon (14/15)            Temple (1/1) D:5            Lair (5/5) D:8
 Shoals (0/4) Lair:2        Snake (0/4) Lair:3        Slime (0/5) Lair:5
    Orc (2/2) D:11            Elf (0/3) Orc:2        Vaults (0/5) D:14
  IceCv (visited)

Altars:
Ashenzari
Cheibriados
Dithmenos
Elyvilon
Fedhas
Gozag
Hepliaklqana
Makhleb
Nemelex Xobeh
Okawaru
Qazlal
Ru
Trog
Uskayaw
Wu Jian
Xom
Yredelemnul
Zin
The Shining One

Shops:
D:2 :   D:5 (   D:7 [   D:10 (=:(=*[   D:11 *   D:14 (   Orc:2 [=*!   Lair:3 ?
Lair:5 [[

Portals:
Hell: Lair:5
Trove: D:13 (give +5 demon blade)

Annotations:
Lair:5 2 transporters, drugrobin's ghost, journeyman DgDe


Innate Abilities, Weirdness & Mutations

You are immune to sickness and miasma.
You are immune to poison.
Your flesh is very heat resistant. (rF++)
You are vulnerable to cold. (rC-)
You float through the air rather than walking.
You learn spells naturally, not from books.
Your magical power is your life essence.
You have superior vitality. (+4 MHP)
Your mind is acute. (Int +4, Str/Dex -1)


Message History

The skeletal warrior is knocked back by the mystic blast.
The skeletal warrior slams into the rock wall!
* * * LOW HITPOINT WARNING * * *
Your fulminant prism crackles loudly.
Your fulminant prism explodes!
The blast of energy engulfs the skeletal warrior!!
The skeletal warrior is almost destroyed.
Casting: Iskenderun's Mystic Blast (mildly dangerous; 1% risk of failure)
Confirm with . or Enter, or press ? or * to list all spells.
Aiming: Searing Ray (safe; 1% risk of failure)
Press: ? - help, Shift-Dir - straight line, f - skeletal warrior
Aim: a skeletal warrior, wielding a +0 dire flail (almost destroyed, 83% to hit)
The searing ray hits the skeletal warrior.
The skeletal warrior is almost destroyed. (Press . to maintain the ray.)
* * * LOW HITPOINT WARNING * * *
The searing ray misses the skeletal warrior.
* * * LOW HITPOINT WARNING * * *
A centaur warrior simulacrum comes into view.
Casting: Searing Ray (safe; 1% risk of failure)
Confirm with . or Enter, or press ? or * to list all spells.
You erupt in a blast of force!
The mystic blast hits the skeletal warrior!
You destroy the skeletal warrior!
* * * LOW HITPOINT WARNING * * *
You see here 7 gold pieces.
Aiming: Fulminant Prism (mildly dangerous; 1% risk of failure)
Press: ? - help, Q - select action, (/) - cycle Dir - move target You conjure a prism of explosive energy!
* * * LOW HITPOINT WARNING * * *
A fulminant prism comes into view.
Your fulminant prism crackles loudly.
Your fulminant prism explodes!
The blast of energy engulfs the centaur warrior simulacrum!!
The centaur warrior simulacrum is almost destroyed.
The centaur warrior simulacrum hits you.
* * * LOW HITPOINT WARNING * * *
The centaur warrior simulacrum freezes you!!
You die...
Your body crumbles into a pile of gold.

...$...# #$....#
#.$...# #...$.# ######
#$.$..# ...... #.....#
...... ###..## ......
#Z.># ...... #@###
###### #.# ## #.#####
.# #.....# .#
#######.#
.#############.......#
.............'.......#
#..###########......##
##.# ########


You could see a centaur warrior simulacrum.

Vanquished Creatures
  Rupert (D:13)
  Gastronok (D:11)
  A frost giant (IceCv)
  A dire elephant (Lair:5)
  Harold (D:9)
  8 hydras
  An ogre mage (D:14)
  9 two-headed ogres
  A boulder beetle (D:11)
  3 centaur warriors (D:13)
  A death knight (D:14)
  16 death yaks
  A tengu warrior (D:14)
  5 orc high priests (Orc:2)
  A skyshark (Lair:5)
  A sixfirhy (Lair:5)
  5 skeletal warriors
  A necromancer (Lair:2)
  A lindwurm (Lair:5)
  An arcanist (Lair:5)
  A deep elf pyromancer (D:12)
  10 orc knights (Orc:2)
  7 ugly things
  3 orc sorcerers (Orc:2)
  An oklob plant (Lair:5)
  A manticore (D:12)
  A black mamba (Lair:5)
  2 cyclopes
  8 elephants
  An ice statue (IceCv)
  Maggie (D:9)
  2 orange demons (Lair:5)
  11 cane toads
  2 unseen horrors (D:13)
  12 rime drakes
  A kobold demonologist (D:6)
  An efreet (D:13)
  13 komodo dragons
  A freezing wraith (D:14)
  Psyche (D:8)
  3 ice devils (Lair:5)
  A queen bee (shapeshifter) (D:14)
  8 trolls
  8 meliai (Lair:3)
  A hellwing (Lair:5)
  A troll (shapeshifter) (D:9)
  5 polar bears
  2 hornets
  A queen bee (Lair:3)
  27 blink frogs
  Grinder (D:6)
  14 dream sheep
  A glass eye (D:10)
  6 slime creatures
  Sigmund (D:3)
  39 yaks
  3 vampires
  A shadow (D:11)
  2 wraiths
  2 wyverns (Lair:3)
  4 basilisks
  Grum (D:10)
  10 vampire mosquitoes
  2 nagas (Lair:3)
  9 wargs
  11 water moccasins
  4 acid dragons
  5 hell hounds (Lair:5)
  31 orc warriors
  2 ice beasts
  A black bear (D:7)
  37 wolves
  8 centaurs
  8 ogres
  2 phantoms
  2 kobold brigands (D:9)
  12 bullfrogs
  A gnoll sergeant (D:9)
  2 scorpions
  12 wights
  42 killer bees
  2 electric eels
  3 howler monkeys
  5 hounds
  5 jellies
  30 orc priests
  A gnoll bouda (D:6)
  3 iguanas
  Ijyb (D:3)
  13 orc wizards
  3 yak simulacra (Lair:2)
  3 polar bear simulacra (Lair:2)
  2 wolf simulacra (Lair:2)
  Robin (D:2)
  7 gnolls
  20 adders
  A river rat (Lair:2)
  6 shadow imps
  3 white imps (D:6)
  4 ufetubi
  4 worms
  2 dart slugs
  71 orcs
  9 ball pythons
  6 endoplasms
  3 giant cockroaches
  10 goblins
  9 hobgoblins
  2 quokkas
  4 bats
  3 frilled lizards
  16 kobolds
  6 rats
  3 river rat simulacra (Lair:2)
  4 fulminant prisms
738 creatures vanquished.

Vanquished Creatures (collateral kills)
  A death yak (IceCv)
  A merfolk siren (Lair:2)
  A rime drake (IceCv)
  A yak (IceCv)
  A wolf (IceCv)
5 creatures vanquished.

Vanquished Creatures (others)
  171 fulminant prisms
171 creatures vanquished.

Grand Total: 914 creatures vanquished

Notes
Turn   | Place    | Note
-------+----------+-------------------------------------------
     0 | D:1      | miscthings the Djinni Conjurer began the quest for the Orb.
     0 | D:1      | miscthings set off with the following spells memorised:
                  | Magic Dart, Searing Ray, Dazzling Flash, Fulminant Prism,
                  | Iskenderun's Mystic Blast.
     0 | D:1      | Reached XP level 1. HP: 15/15 MP: 0/0
   397 | D:1      | Reached XP level 2. HP: 20/21 MP: 0/0
   754 | D:2      | Reached XP level 3. HP: 15/25 MP: 0/0
   754 | D:2      | Learned a level 1 spell: Sting
   871 | D:2      | Noticed Robin
   916 | D:2      | Killed Robin
   918 | D:2      | Reached XP level 4. HP: 12/31 MP: 0/0
   924 | D:2      | Found Otadwuro's Book Boutique.
  1510 | D:3      | Found a faded altar of an unknown god.
  1513 | D:3      | Found a shadowy altar of Dithmenos.
  1536 | D:3      | Noticed Ijyb
  1546 | D:3      | Killed Ijyb
  1547 | D:3      | Reached XP level 5. HP: 11/35 MP: 0/0
  1547 | D:3      | Learned a level 2 spell: Passwall
  1740 | D:5      | Entered Level 5 of the Dungeon
  1765 | D:5      | Reached skill level 5 in Spellcasting
  1765 | D:5      | Reached skill level 5 in Conjurations
  1765 | D:5      | Reached skill level 5 in Hexes
  1765 | D:5      | Reached skill level 5 in Summonings
  1765 | D:5      | Reached skill level 5 in Necromancy
  1765 | D:5      | Reached skill level 5 in Translocations
  1765 | D:5      | Reached skill level 5 in Transmutations
  1765 | D:5      | Reached skill level 5 in Fire Magic
  1765 | D:5      | Reached skill level 5 in Ice Magic
  1765 | D:5      | Reached skill level 5 in Air Magic
  1765 | D:5      | Reached skill level 5 in Earth Magic
  1765 | D:5      | Reached skill level 5 in Poison Magic
  1861 | D:5      | Found a staircase to the Ecumenical Temple.
  1872 | Temple   | Entered the Ecumenical Temple
  1891 | D:5      | Reached XP level 6. HP: 20/40 MP: 0/0
  1918 | D:5      | Found a bloodstained altar of Trog.
  2007 | D:4      | Found the +7 great mace "Undeadhunter" {deathbane, rN+}
  2348 | D:3      | Noticed Sigmund
  2355 | D:3      | Killed Sigmund
  2356 | D:3      | Reached XP level 7. HP: 37/45 MP: 0/0
  2356 | D:3      | Learned a level 2 spell: Jinxbite
  2527 | D:5      | Found Eshrunu's Antique Weapon Shop.
  2632 | D:5      | Noticed a water moccasin
  2641 | D:5      | Killed a water moccasin
  2722 | D:5      | Reached XP level 8. HP: 45/50 MP: 0/0
  3224 | D:6      | Reached XP level 9. HP: 25/55 MP: 0/0
  3224 | D:6      | Learned a level 4 spell: Dispel Undead
  3422 | D:6      | Noticed a troll
  3427 | D:6      | Killed a troll
  3599 | D:6      | Found a transporter.
  3599 | D:6      | Noticed a kobold demonologist
  3624 | D:6      | Noticed Grinder
  3628 | D:6      | Killed Grinder
  3670 | D:6      | Found a glowing golden altar of the Shining One.
  3702 | D:6      | Found a transporter.
  3961 | D:6      | Killed a kobold demonologist
  3962 | D:6      | Reached skill level 10 in Spellcasting
  3962 | D:6      | Reached skill level 10 in Conjurations
  3962 | D:6      | Reached skill level 10 in Hexes
  3962 | D:6      | Reached skill level 10 in Summonings
  3962 | D:6      | Reached skill level 10 in Necromancy
  3962 | D:6      | Reached skill level 10 in Translocations
  3962 | D:6      | Reached skill level 10 in Transmutations
  3962 | D:6      | Reached skill level 10 in Fire Magic
  3962 | D:6      | Reached skill level 10 in Ice Magic
  3962 | D:6      | Reached skill level 10 in Air Magic
  3962 | D:6      | Reached skill level 10 in Earth Magic
  3962 | D:6      | Reached skill level 10 in Poison Magic
  4026 | D:7      | Reached XP level 10. HP: 50/60 MP: 0/0
  4042 | D:7      | Found Peq Jaef's Antique Armour Boutique.
  4406 | D:7      | Found a shimmering altar of Xom.
  4746 | D:8      | Noticed a two-headed ogre
  4757 | D:8      | Killed a two-headed ogre
  5017 | D:8      | Identified the +4 long sword "Stringbean" {spect, rF+ Int+3
                  | Dex+4}
  5070 | D:8      | Identified the +2 robe of Limitation {rF- rC+ Will+ MP+9}
  5276 | D:8      | Noticed Psyche
  5282 | D:8      | Killed Psyche
  5299 | D:8      | Found an opulent altar of Gozag.
  5303 | D:8      | Became a worshipper of Gozag Ym Sagoz the Greedy
  5339 | D:8      | Found a staircase to the Lair.
  5618 | D:4      | Reached XP level 11. HP: 61/65 MP: 0/0
  5618 | D:4      | Learned a level 4 spell: Petrify
  6545 | D:9      | Reached skill level 1 in Fighting
  6545 | D:9      | Reached skill level 1 in Throwing
  6545 | D:9      | Reached skill level 1 in Armour
  6545 | D:9      | Reached skill level 1 in Evocations
  6546 | D:9      | Noticed Harold
  6554 | D:9      | Noticed a two-headed ogre
  6562 | D:9      | Killed Harold
  6570 | D:9      | Killed a two-headed ogre
  6788 | D:9      | Noticed a two-headed ogre
  6797 | D:9      | Killed a two-headed ogre
  6836 | D:9      | Noticed Maggie
  6845 | D:9      | Killed Maggie
  7085 | D:9      | Gained mutation: Your mind is acute. (Int +4, Str/Dex -1)
                  | [potion of mutation]
  7242 | D:10     | Entered Level 10 of the Dungeon
  7248 | D:10     | Found Osaill's Antique Weapon Shop.
  7252 | D:10     | Noticed Urug
  7255 | D:10     | Urug changed into Urug the glass eye
  7255 | D:10     | Noticed Urug
  7264 | D:10     | Killed Urug the glass eye
  7349 | D:10     | Found a glowing silver altar of Zin.
  7382 | D:10     | Found Ginut's CLEARANCE SALE!.
  7455 | D:10     | Reached XP level 12. HP: 62/78 MP: 0/0
  7458 | D:10     | Reached skill level 5 in Dodging
  7557 | D:10     | Noticed a two-headed ogre
  7561 | D:10     | Killed a two-headed ogre
  7613 | D:10     | Found Ryxe's Book Shoppe.
  7624 | D:10     | Found Tuzuorgh's Weapon Emporium.
  7640 | D:10     | Found Fyprerar's Jewellery Shoppe.
  7694 | D:10     | Noticed Grum
  7698 | D:10     | Killed Grum
  7912 | D:10     | Found Ecemnal's Armour Boutique.
  7967 | D:11     | Noticed Gastronok
  7979 | D:11     | Killed Gastronok
  8064 | D:11     | Reached skill level 5 in Fighting
  8064 | D:11     | Reached skill level 5 in Evocations
  8106 | D:11     | Noticed a boulder beetle
  8145 | D:11     | Killed a boulder beetle
  8282 | D:11     | Found a staircase to the Orcish Mines.
  8342 | D:11     | Found Duunezem's General Store.
  8809 | Lair:1   | Entered Level 1 of the Lair of Beasts
  9380 | Lair:1   | Reached XP level 13. HP: 77/87 MP: 0/0
  9380 | Lair:1   | Learned a level 5 spell: Silence
  9701 | Lair:2   | Noticed a seven-headed hydra
  9709 | Lair:2   | Killed a seven-headed hydra
 10219 | Lair:2   | Noticed an eight-headed hydra
 10226 | Lair:2   | Killed an eight-headed hydra
 10308 | Lair:2   | Found a staircase to the Shoals.
 11064 | Lair:3   | Identified the +0 leather armour of Jioleuge {Rampage Dex+2
                  | Slay-2}
 11081 | Lair:3   | Reached XP level 14. HP: 23/98 MP: 0/0
 11860 | Lair:3   | Found a staircase to the Snake Pit.
 11996 | Lair:3   | Bought 3 scrolls of immolation for 132 gold pieces
 11996 | Lair:3   | Bought a scroll of identify for 22 gold pieces
 11996 | Lair:3   | Bought a scroll of identify for 22 gold pieces
 11996 | Lair:3   | Bought a scroll of teleportation for 33 gold pieces
 12000 | Lair:3   | Bought a scroll of vulnerability for 44 gold pieces
 12011 | Lair:3   | Reached skill level 10 in Dodging
 12530 | Lair:4   | Identified the amulet of the Magpie {Harm Regen+ Int-2
                  | Dex+3}
 13025 | Lair:5   | Entered Level 5 of the Lair of Beasts
 13145 | Lair:5   | Found a transporter.
 13202 | Lair:5   | Noticed a dire elephant
 13213 | Lair:5   | Reached XP level 15. HP: 74/107 MP: 0/0
 13213 | Lair:5   | Learned a level 6 spell: Death Channel
 13217 | Lair:5   | Reached skill level 10 in Fighting
 13217 | Lair:5   | Reached skill level 10 in Evocations
 13254 | Lair:5   | Found a frozen archway.
 13278 | IceCv    | Entered an ice cave
 13507 | IceCv    | Noticed a frost giant
 13510 | IceCv    | Killed a frost giant
 13511 | IceCv    | Reached skill level 1 in Shields
 13917 | Lair:5   | Noticed drugrobin's ghost (journeyman DgDe)
 13933 | Lair:5   | Found a transporter.
 13967 | Lair:5   | Found a staircase to the Slime Pits.
 14291 | Lair:5   | Found a burning altar of Makhleb.
 14322 | Lair:5   | Found a gateway to Hell.
 14335 | Lair:5   | Identified the +1 quarterstaff of Pestilence {flame, rC+
                  | Str+3 Int-2 Dex+4}
 14485 | Lair:5   | Bought a +2 cloak of poison resistance for 277 gold pieces
 14816 | Orc:1    | Entered Level 1 of the Orcish Mines
 15423 | Orc:2    | Entered Level 2 of the Orcish Mines
 15785 | Orc:2    | Reached XP level 16. HP: 49/116 MP: 0/0
 16158 | Orc:2    | Found Vehemm's Armour Boutique.
 16161 | Orc:2    | Found Gepu's Assorted Antiques.
 16162 | Orc:2    | Found Vaisoele's Distillery.
 16163 | Orc:2    | Found Gobetige's Jewellery Boutique.
 16167 | Orc:2    | Bought a coppery potion for 22 gold pieces
 16170 | Orc:2    | Bought a +1 pair of gloves of dexterity for 198 gold pieces
 16170 | Orc:2    | Bought a +1 cloak of preservation for 198 gold pieces
 16236 | Orc:2    | Found a staircase to the Elven Halls.
 16474 | D:12     | Reached skill level 5 in Shields
 17989 | D:13     | Found a portal to a secret trove of treasure.
 17990 | D:13     | Identified the maw talisman of Free Expression {+Blink
                  | Will++}
 17990 | D:13     | Noticed Rupert
 18000 | D:13     | Killed Rupert
 18155 | D:14     | Found Ynorebaxto's Weapon Emporium.
 18180 | D:14     | Found a gate to the Vaults.
 18302 | D:14     | Slain by a centaur warrior simulacrum

Illustrated notes

Levels and vault maps discovered:
D:1:      dpeg_arrival_stone_temple_mockup, layout_loops_ring,
          nicolae_figureground_sparkle
D:2:      layout_basic, serial_shops, shop, serial_corexii_hall,
          corexii_hall_statues_deadend, corexii_hall_statues_l,
          corexii_hall_statues_i, corexii_hall_statues_l,
          corexii_hall_statues_s, corexii_hall_statues_u,
          minmay_strange_pillars, uniq_robin
D:3:      layout_basic, nicolae_overflow_ecumenical_swirl, serial_corexii_hall,
          corexii_hall_statues_x, chequers_hall_statues_y,
          corexii_hall_statues_deadend, uniq_ijyb, uniq_sigmund
D:4:      layout_basic, minmay_quantized
D:5:      layout_basic, mainiacjoe_overflow_catwalk,
          minmay_temple_entry_drinking_statues, serial_shops, shop
D:6:      gammafunk_wand_slinger, layout_loops_ring, amcnicky_altar_gilded,
          nzn_random_ring, uniq_grinder
D:7:      layout_gridville, mainiacjoe_overflow_surrounded_room,
          marbit_many_paths, serial_shops, shop, serial_bayou_pond_b
D:8:      layout_basic, kennysheep_mini_moat, lair_entry_dummy,
          kennysheep_small_circle, uniq_psyche
D:9:      kennysheep_ambush_hall, layout_small_grid, uniq_maggie, uniq_harold
D:10:     layout_roguey, mainiacjoe_overflow_tiny_flanked, serial_shops, shop,
          nicolae_shop_rolling_square, nicolae_shop_crystal,
          nicolae_shop_scrapyard, nicolae_shop_getting_attention,
          nicolae_shop_clearance, uniq_urug, uniq_grum
D:11:     layout_long_grid, david_orc_3, serial_shops, nicolae_shop_peninsula,
          uniq_gastronok
D:12:     layout_loops_corners, minmay_misc_feat_tower, minivault_25_ag
D:13:     layout_cave_pods, enter_trove_2, kennysheep_generic_room_12,
          uniq_rupert
D:14:     layout_basic, david_vaults_2, serial_shops, nicolae_square_shop,
          onia_ninara_dug_in_and_dangerous
Temple:   nicolae_temple_superstar
Lair:1:   layout_hall_layers, chequers_serial_rivers_large_b
Lair:2:   layout_cellular_growth, minmay_shoals_entry_lonely_mermaid,
          eino_house_with_fridge, grunt_megastairs_3
Lair:3:   regret_index_combs_of_tragedy, layout_small_grid,
          guppyfry_snake_entry_garden, minivault_11, grunt_megastairs_4,
          serial_bayou_shore_a
Lair:4:   layout_regular_city, serial_rivers, chequers_serial_rivers_micro_e,
          chequers_serial_rivers_small_3, chequers_serial_rivers_room_a,
          chequers_serial_rivers_micro_d, chequers_serial_rivers_room_b,
          infiniplex_staircase_pool
Lair:5:   evil_forest, layout_misc_corridors, nicolae_slime_entry_field_trip,
          nzn_ghost_randoct, portal_ice_cave_entry_pillars_2, st_stairs_8,
          nicolae_quartered_pool_impasse, lemuel_fruit_fields
Orc:1:    layout_diamond_mine, serial_shops, lemuel_statue_altar, mines5_lemuel
Orc:2:    st_orc_pillars, layout_diamond_mine

Skill      XL: |  1  2  3  4  5  6  7  8  9 10 11 12 13 14 15 16 |
---------------+-------------------------------------------------+-----
Spellcasting   | 4 5 6 7 8 10 12 13 14 | 14.6
Conjurations   | 4 5 6 7 8 10 12 13 14 | 14.6
Hexes          | 4 5 6 7 8 10 12 13 14 | 14.6
Summonings     | 4 5 6 7 8 10 12 13 14 | 14.6
Necromancy     | 4 5 6 7 8 10 12 13 14 | 14.6
Translocations | 4 5 6 7 8 10 12 13 14 | 14.6
Transmutations | 4 5 6 7 8 10 12 13 14 | 14.6
Fire Magic     | 4 5 6 7 8 10 12 13 14 | 14.6
Ice Magic      | 4 5 6 7 8 10 12 13 14 | 14.6
Air Magic      | 4 5 6 7 8 10 12 13 14 | 14.6
Earth Magic    | 4 5 6 7 8 10 12 13 14 | 14.6
Poison Magic   | 4 5 6 7 8 10 12 13 14 | 14.6
Fighting       | 3 6 8 9 11 12 | 12.1
Throwing       | 2 |  2.0
Armour         | 3 4 |  4.0
Evocations     | 3 6 8 9 11 12 | 12.0
Dodging        | 4 7 9 11 12 13 | 13.4
Shields        | 4 6 |  6.4
Stealth        | |  1.5

Action                     |  1- 3 |  4- 6 |  7- 9 | 10-12 | 13-15 | 16-18 || total
---------------------------+-------+-------+-------+-------+-------+-------++-------
  Melee: Unarmed           |       |     1 |       |       |       |       ||     1
         Long sword        |       |       |       |     1 |     3 |     1 ||     5
   Cast: Magic Dart        |    16 |       |     2 |     2 |       |       ||    20
         Searing Ray       |    18 |    32 |    39 |    60 |    27 |    17 ||   193
         Sting             |     1 |     7 |       |     4 |       |       ||    12
         Fulminant Prism   |       |     6 |     8 |    46 |    70 |    45 ||   175
         Iskenderun's Myst |       |     2 |     6 |    48 |   263 |   106 ||   425
         Dispel Undead     |       |       |       |     1 |     1 |       ||     2
         Death Channel     |       |       |       |       |     2 |       ||     2
         Petrify           |       |       |       |       |       |     1 ||     1
         Jinxbite          |       |       |       |       |       |     1 ||     1
 Invoke: Call Merchant     |       |       |       |     1 |     3 |       ||     4
  Evoke: Wand              |       |       |     4 |     9 |    11 |     6 ||    30
    Use: Scroll            |       |     9 |     2 |     7 |    10 |     2 ||    30
         Potion            |       |       |       |     1 |     1 |       ||     2
 Armour: Robe              |    10 |     2 |       |       |     9 |       ||    21
         Animal skin       |       |     3 |       |       |       |       ||     3
         Skin              |       |     1 |       |       |       |       ||     1
         Leather armour    |       |    14 |    10 |    40 |    36 |    22 ||   122
  Dodge: Dodged            |    11 |    25 |    48 |    73 |   125 |    41 ||   323
  Block: Kite shield       |       |       |       |       |    23 |    25 ||    48

Table legend: (Time is in decaauts)
 A = Elapsed time spent in this place.
 B = Non-inter-level travel time spent in this place.
 C = Inter-level travel time spent in this place.
 D = Time resting spent in this place.
 E = Time spent auto-exploring this place.
 F = Levels seen in this place.
 G = Mean time per level.
                   A        B        C        D        E       F      G
               +--------+--------+--------+--------+--------+-----+--------+
         Total |  18305 |  16823 |   1482 |   1180 |  11559 |  23 |  795.9 |
       Dungeon |  11058 |   9886 |   1172 |    623 |   7061 |  14 |  789.9 |
        Temple |      8 |      6 |      2 |      0 |      0 |   1 |    8.0 |
          Lair |   5151 |   4923 |    228 |    491 |   3270 |   5 | 1030.2 |
  Orcish Mines |   1525 |   1446 |     79 |     66 |    951 |   2 |  762.5 |
      Ice Cave |    562 |    562 |      0 |      0 |    277 |   1 |  562.0 |
               +--------+--------+--------+--------+--------+-----+--------+

Top non-repeatable levels by time:
  Lair:3: 1691 daAuts
     D:6: 1150 daAuts
  Lair:5: 1045 daAuts
  Lair:2: 993 daAuts
     D:8: 947 daAuts
    D:12: 912 daAuts
   Orc:2: 899 daAuts
    D:13: 894 daAuts
     D:9: 890 daAuts
  Lair:4: 828 daAuts
     D:4: 814 daAuts
    D:11: 798 daAuts
     D:5: 794 daAuts
     D:7: 784 daAuts
     D:2: 751 daAuts
